 Dungeon Crawl Stone Soup version 0.30-a0-1050-g2766ea1e55 (webtiles) character file.

Game seed: 11840729949632600357

210 Ic0nGaming the Cutter (level 6, -4/37 HPs)
             Began as a Kobold Fighter on Apr 10, 2023.
             Slain by Pikel
             ... wielding a +1 whip of flaming
              (7 damage)
             ... on level 4 of the Dungeon.
             The game lasted 00:06:52 (2936 turns).

Ic0nGaming the Cutter (Kobold Fighter)              Turns: 2936, Time: 00:06:53

Health: -4/37      AC:  8    Str: 14    XL:     6   Next: 12%
Magic:  6/6        EV: 10    Int:  9    God:
Gold:   94         SH:  7    Dex: 16    Spells: 5/5 levels left

rFire   . . .      SeeInvis .    a - +2 rapier
rCold   . . .      Faith    .    c - +2 buckler
rNeg    . . .      Spirit   .    b - +0 scale mail
rPois   .          Reflect  .    (no helmet)
rElec   .          Rampage  .    (no cloak)
rCorr   .                        h - +0 pair of gloves
Will    .....                    l - +0 pair of boots
Stlth   +                        (no amulet)
HPRegen 0.26/turn                (no ring)
MPRegen 0.10/turn                (no ring)

@: mighty, invisible
A: small, no large weapons, nightstalker 3
a: no special abilities


You were on level 4 of the Dungeon.
You visited 1 branch of the dungeon, and saw 4 of its levels.

You collected 248 gold pieces.
You spent 154 gold pieces at shops.

Inventory:

Hand Weapons
 a - a +2 rapier (weapon)
 j - a +2 whip of electrocution
Missiles
 e - 9 boomerangs (quivered)
 k - 6 poisoned darts
Armour
 b - a +0 scale mail (worn)
 c - a +2 buckler (worn)
 h - a +0 pair of gloves (worn)
 l - a +0 pair of boots (worn)
Wands
 p - a wand of charming (4)
Scrolls
 f - a scroll of silence
 n - a scroll of identify
Potions
 g - a potion of mutation
 i - a potion of haste
 m - a potion of ambrosia


   Skills:
 - Level 3.2 Fighting
 + Level 7.8 Short Blades
 - Level 2.4 Armour
 - Level 2.4 Shields


You had 5 spell levels left.
You didn't know any spells.
Your spell library contained the following spells:

 Spells                   Type           Power      Damage    Failure   Level
 Cigotuvi's Dreadful Rot  Necr/Pois/Air  0%         N/A       98%         2
 Ignite Poison            Fire/Tmut/Pois 0%         N/A       100%        3
 Borgnjor's Vile Clutch   Necr/Erth      0%         N/A       100%        5
 Freezing Cloud           Conj/Ice/Air   0%         6-21      100%        5
 Summon Cactus Giant      Summ           0%         N/A       100%        6
 Shatter                  Erth           0%         3d5*      100%        9


Dungeon Overview and Level Annotations

Branches:
Dungeon (4/15)
 Temple: D:4-7

Altars:
Fedhas

Shops:
D:3 *

Annotations:
D:4 Pikel


Innate Abilities, Weirdness & Mutations

You are small and have problems with some larger weapons.
You are completely attuned to the shadows.


Message History

You closely miss Pikel.
Pikel hits you with a +1 whip of flaming.
Pikel burns you.
You puncture Pikel!
Pikel is lightly wounded.
You hit Pikel but do no damage.
Pikel is lightly wounded.
Pikel hits you with a +1 whip of flaming!
Pikel burns you.
You closely miss Pikel.
Pikel is lightly wounded.
Pikel barely misses you.
You fade into invisibility!
Pikel drinks a potion.
Pikel flickers and vanishes!
Deactivating autopickup; reactivate with Ctrl-A.
You miss something. You block something's attack.
You miss something. Something hits you but does no damage.
You miss something. You miss something. Something hits you.
Something burns you.
You hit something but do no damage. Something hits you but does no damage.
You miss something. Something hits you. Something burns you.
You hit something. Something hits you but does no damage.
You hit something.
You hear the slow rusting of a distant drain.
Something hits you.
* * * LOW HITPOINT WARNING * * *
Something burns you.
* * * LOW HITPOINT WARNING * * *
You feel very mighty all of a sudden. You block something's attack.
A lemure comes into view.
You closely miss something. Something hits you but does no damage.
You miss something. Something hits you.
* * * LOW HITPOINT WARNING * * *
Something burns you.
* * * LOW HITPOINT WARNING * * *
You puncture something!
You hear a shout!
Something hits you!
You die...

.# #.# #.#
##############.# #..#
#.......†.@{55.# #..# #
#.#.##.######5.#
####..#.. #.##.#
##.)####.##..#.. #<##..
....5....#.#.....
#.####..........###)#.#.#
#.# #.......#.## ##K.#
#.# #..###.###.# #5#.#
#.# #..##.. ..#.##.# #.#
#<..... #.K# #.#


You could see 3 lemures.

Vanquished Creatures
  A sleepcap (D:4)
  Natasha (thrice) (D:2)
  3 adders (D:2)
  3 worms
  A dart slug (D:3)
  6 orcs
  5 endoplasms
  4 giant cockroaches
  4 goblins
  3 hobgoblins (D:1)
  6 jackals
  2 quokkas (D:2)
  5 ball pythons
  5 bats
  4 frilled lizards
  4 kobolds
  5 rats
64 creatures vanquished.

Notes
Turn   | Place    | Note
-------+----------+-------------------------------------------
     0 | D:1      | Ic0nGaming the Kobold Fighter began the quest for the Orb.
     0 | D:1      | Reached XP level 1. HP: 14/14 MP: 1/1
   231 | D:1      | Reached skill level 3 in Short Blades
   305 | D:1      | Reached XP level 2. HP: 19/19 MP: 2/2
   391 | D:1      | Reached skill level 4 in Short Blades
   796 | D:1      | Reached XP level 3. HP: 23/23 MP: 3/3
  1189 | D:2      | Reached skill level 5 in Short Blades
  1325 | D:2      | Noticed Natasha
  1330 | D:2      | Killed Natasha
  1331 | D:2      | Reached XP level 4. HP: 16/28 MP: 4/4
  1345 | D:2      | Reached skill level 6 in Short Blades
  1485 | D:2      | Reached XP level 5. HP: 32/32 MP: 5/5
  1511 | D:2      | Noticed Natasha
  1520 | D:2      | Killed Natasha
  1572 | D:2      | Noticed Natasha
  1581 | D:2      | Killed Natasha
  1582 | D:2      | Reached skill level 7 in Short Blades
  2010 | D:3      | Found Ecuxkoro's General Store.
  2015 | D:3      | Bought 6 boomerangs for 132 gold pieces
  2015 | D:3      | Bought a scroll of identify for 22 gold pieces
  2427 | D:3      | Found a blossoming altar of Fedhas.
  2832 | D:4      | Got the Tractate on Detritus and Invitation
  2879 | D:4      | Reached XP level 6. HP: 32/37 MP: 6/6
  2902 | D:4      | Noticed Pikel
  2936 | D:4      | Slain by Pikel

Illustrated notes

Levels and vault maps discovered:
D:1:      evilmike_arrival_home_sweet_home, layout_loops_ring,
          corexii_hall_statues_deadend
D:2:      layout_rooms, uniq_natasha
D:3:      layout_basic, old_standard_altar, serial_shops, shop
D:4:      layout_loops_ring, general_overflow_altar, gup_sewer_entry_spiral,
          serial_bayou_lake_a, uniq_pikel

Skill      XL: |  1  2  3  4  5 |
---------------+----------------+-----
Short Blades   | 3 4 5 6 7 |  7.8
Fighting       | |  3.2
Armour         | |  2.4
Shields        | |  2.4

Action                     |  1- 3 |  4- 6 || total
---------------------------+-------+-------++-------
  Melee: Rapier            |   109 |   115 ||   224
    Use: Scroll            |     9 |     6 ||    15
         Potion            |       |     3 ||     3
   Stab: Sleeping          |     1 |     2 ||     3
 Armour: Scale mail        |    46 |    30 ||    76
         Skin              |       |     6 ||     6
  Dodge: Dodged            |    55 |    27 ||    82
  Block: Buckler           |    23 |    23 ||    46

Table legend: (Time is in decaauts)
 A = Elapsed time spent in this place.
 B = Non-inter-level travel time spent in this place.
 C = Inter-level travel time spent in this place.
 D = Time resting spent in this place.
 E = Time spent auto-exploring this place.
 F = Levels seen in this place.
 G = Mean time per level.
                   A        B        C        D        E       F      G
               +--------+--------+--------+--------+--------+-----+--------+
         Total |   2940 |   2881 |     59 |    455 |   1897 |   4 |  735.0 |
       Dungeon |   2940 |   2881 |     59 |    455 |   1897 |   4 |  735.0 |
               +--------+--------+--------+--------+--------+-----+--------+

Top non-repeatable levels by time:
     D:2: 1020 daAuts
     D:1: 940 daAuts
     D:3: 875 daAuts
     D:4: 104 daAuts
